Workbook

Sheet Clientes
A1: Cliente | B1: Horas | C1: Facturación | D1: Costes directos | E1: Captación | F1: Meses relación | G1: Coste | H1: Margen | I1: Margen % | J1: Estado | K1: Te paga por hora | L1: Facturación para el objetivo | M1: Subida necesaria | N1: LTV | O1: LTV/CAC
A2: Clínica dental Sonrisa | B2: 25 | C2: 2400 | D2: 150 | E2: 600 | F2: 36 | G2: =IF(A2="","",B2*Parámetros!$B$9+D2) | H2: =IF(A2="","",C2-G2) | I2: =IF(OR(A2="",C2=0),"",H2/C2) | J2: =IF(A2="","",IF(H2<0,"En pérdidas",IF(I2>=Parámetros!$B$10,"Rentable","Justo"))) | K2: =IF(OR(A2="",B2=0),"",(C2-D2)/B2) | L2: =IF(A2="","",G2/(1-Parámetros!$B$10)) | M2: =IF(OR(A2="",C2=0),"",MAX(0,L2/C2-1)) | N2: =IF(OR(A2="",F2=0),"",H2/Parámetros!$B$11*F2) | O2: =IF(OR(N2="",E2=0),"",N2/E2)
A3: Tienda online Verde | B3: 20 | C3: 1500 | D3: 300 | E3: 300 | F3: 18 | G3: =IF(A3="","",B3*Parámetros!$B$9+D3) | H3: =IF(A3="","",C3-G3) | I3: =IF(OR(A3="",C3=0),"",H3/C3) | J3: =IF(A3="","",IF(H3<0,"En pérdidas",IF(I3>=Parámetros!$B$10,"Rentable","Justo"))) | K3: =IF(OR(A3="",B3=0),"",(C3-D3)/B3) | L3: =IF(A3="","",G3/(1-Parámetros!$B$10)) | M3: =IF(OR(A3="",C3=0),"",MAX(0,L3/C3-1)) | N3: =IF(OR(A3="",F3=0),"",H3/Parámetros!$B$11*F3) | O3: =IF(OR(N3="",E3=0),"",N3/E3)
A4: Restaurante La Plaza | B4: 30 | C4: 1200 | D4: 100 | E4: 400 | F4: 12 | G4: =IF(A4="","",B4*Parámetros!$B$9+D4) | H4: =IF(A4="","",C4-G4) | I4: =IF(OR(A4="",C4=0),"",H4/C4) | J4: =IF(A4="","",IF(H4<0,"En pérdidas",IF(I4>=Parámetros!$B$10,"Rentable","Justo"))) | K4: =IF(OR(A4="",B4=0),"",(C4-D4)/B4) | L4: =IF(A4="","",G4/(1-Parámetros!$B$10)) | M4: =IF(OR(A4="",C4=0),"",MAX(0,L4/C4-1)) | N4: =IF(OR(A4="",F4=0),"",H4/Parámetros!$B$11*F4) | O4: =IF(OR(N4="",E4=0),"",N4/E4)
A5: Gimnasio Fit | B5: 10 | C5: 900 | D5: 50 | E5: 200 | F5: 24 | G5: =IF(A5="","",B5*Parámetros!$B$9+D5) | H5: =IF(A5="","",C5-G5) | I5: =IF(OR(A5="",C5=0),"",H5/C5) | J5: =IF(A5="","",IF(H5<0,"En pérdidas",IF(I5>=Parámetros!$B$10,"Rentable","Justo"))) | K5: =IF(OR(A5="",B5=0),"",(C5-D5)/B5) | L5: =IF(A5="","",G5/(1-Parámetros!$B$10)) | M5: =IF(OR(A5="",C5=0),"",MAX(0,L5/C5-1)) | N5: =IF(OR(A5="",F5=0),"",H5/Parámetros!$B$11*F5) | O5: =IF(OR(N5="",E5=0),"",N5/E5)
A6: Asesoría López | B6: 5 | C6: 400 | D6: 0 | E6: 100 | F6: 24 | G6: =IF(A6="","",B6*Parámetros!$B$9+D6) | H6: =IF(A6="","",C6-G6) | I6: =IF(OR(A6="",C6=0),"",H6/C6) | J6: =IF(A6="","",IF(H6<0,"En pérdidas",IF(I6>=Parámetros!$B$10,"Rentable","Justo"))) | K6: =IF(OR(A6="",B6=0),"",(C6-D6)/B6) | L6: =IF(A6="","",G6/(1-Parámetros!$B$10)) | M6: =IF(OR(A6="",C6=0),"",MAX(0,L6/C6-1)) | N6: =IF(OR(A6="",F6=0),"",H6/Parámetros!$B$11*F6) | O6: =IF(OR(N6="",E6=0),"",N6/E6)
G7: =IF(A7="","",B7*Parámetros!$B$9+D7) | H7: =IF(A7="","",C7-G7) | I7: =IF(OR(A7="",C7=0),"",H7/C7) | J7: =IF(A7="","",IF(H7<0,"En pérdidas",IF(I7>=Parámetros!$B$10,"Rentable","Justo"))) | K7: =IF(OR(A7="",B7=0),"",(C7-D7)/B7) | L7: =IF(A7="","",G7/(1-Parámetros!$B$10)) | M7: =IF(OR(A7="",C7=0),"",MAX(0,L7/C7-1)) | N7: =IF(OR(A7="",F7=0),"",H7/Parámetros!$B$11*F7) | O7: =IF(OR(N7="",E7=0),"",N7/E7)
G8: =IF(A8="","",B8*Parámetros!$B$9+D8) | H8: =IF(A8="","",C8-G8) | I8: =IF(OR(A8="",C8=0),"",H8/C8) | J8: =IF(A8="","",IF(H8<0,"En pérdidas",IF(I8>=Parámetros!$B$10,"Rentable","Justo"))) | K8: =IF(OR(A8="",B8=0),"",(C8-D8)/B8) | L8: =IF(A8="","",G8/(1-Parámetros!$B$10)) | M8: =IF(OR(A8="",C8=0),"",MAX(0,L8/C8-1)) | N8: =IF(OR(A8="",F8=0),"",H8/Parámetros!$B$11*F8) | O8: =IF(OR(N8="",E8=0),"",N8/E8)
G9: =IF(A9="","",B9*Parámetros!$B$9+D9) | H9: =IF(A9="","",C9-G9) | I9: =IF(OR(A9="",C9=0),"",H9/C9) | J9: =IF(A9="","",IF(H9<0,"En pérdidas",IF(I9>=Parámetros!$B$10,"Rentable","Justo"))) | K9: =IF(OR(A9="",B9=0),"",(C9-D9)/B9) | L9: =IF(A9="","",G9/(1-Parámetros!$B$10)) | M9: =IF(OR(A9="",C9=0),"",MAX(0,L9/C9-1)) | N9: =IF(OR(A9="",F9=0),"",H9/Parámetros!$B$11*F9) | O9: =IF(OR(N9="",E9=0),"",N9/E9)
G10: =IF(A10="","",B10*Parámetros!$B$9+D10) | H10: =IF(A10="","",C10-G10) | I10: =IF(OR(A10="",C10=0),"",H10/C10) | J10: =IF(A10="","",IF(H10<0,"En pérdidas",IF(I10>=Parámetros!$B$10,"Rentable","Justo"))) | K10: =IF(OR(A10="",B10=0),"",(C10-D10)/B10) | L10: =IF(A10="","",G10/(1-Parámetros!$B$10)) | M10: =IF(OR(A10="",C10=0),"",MAX(0,L10/C10-1)) | N10: =IF(OR(A10="",F10=0),"",H10/Parámetros!$B$11*F10) | O10: =IF(OR(N10="",E10=0),"",N10/E10)
G11: =IF(A11="","",B11*Parámetros!$B$9+D11) | H11: =IF(A11="","",C11-G11) | I11: =IF(OR(A11="",C11=0),"",H11/C11) | J11: =IF(A11="","",IF(H11<0,"En pérdidas",IF(I11>=Parámetros!$B$10,"Rentable","Justo"))) | K11: =IF(OR(A11="",B11=0),"",(C11-D11)/B11) | L11: =IF(A11="","",G11/(1-Parámetros!$B$10)) | M11: =IF(OR(A11="",C11=0),"",MAX(0,L11/C11-1)) | N11: =IF(OR(A11="",F11=0),"",H11/Parámetros!$B$11*F11) | O11: =IF(OR(N11="",E11=0),"",N11/E11)
G12: =IF(A12="","",B12*Parámetros!$B$9+D12) | H12: =IF(A12="","",C12-G12) | I12: =IF(OR(A12="",C12=0),"",H12/C12) | J12: =IF(A12="","",IF(H12<0,"En pérdidas",IF(I12>=Parámetros!$B$10,"Rentable","Justo"))) | K12: =IF(OR(A12="",B12=0),"",(C12-D12)/B12) | L12: =IF(A12="","",G12/(1-Parámetros!$B$10)) | M12: =IF(OR(A12="",C12=0),"",MAX(0,L12/C12-1)) | N12: =IF(OR(A12="",F12=0),"",H12/Parámetros!$B$11*F12) | O12: =IF(OR(N12="",E12=0),"",N12/E12)
G13: =IF(A13="","",B13*Parámetros!$B$9+D13) | H13: =IF(A13="","",C13-G13) | I13: =IF(OR(A13="",C13=0),"",H13/C13) | J13: =IF(A13="","",IF(H13<0,"En pérdidas",IF(I13>=Parámetros!$B$10,"Rentable","Justo"))) | K13: =IF(OR(A13="",B13=0),"",(C13-D13)/B13) | L13: =IF(A13="","",G13/(1-Parámetros!$B$10)) | M13: =IF(OR(A13="",C13=0),"",MAX(0,L13/C13-1)) | N13: =IF(OR(A13="",F13=0),"",H13/Parámetros!$B$11*F13) | O13: =IF(OR(N13="",E13=0),"",N13/E13)
G14: =IF(A14="","",B14*Parámetros!$B$9+D14) | H14: =IF(A14="","",C14-G14) | I14: =IF(OR(A14="",C14=0),"",H14/C14) | J14: =IF(A14="","",IF(H14<0,"En pérdidas",IF(I14>=Parámetros!$B$10,"Rentable","Justo"))) | K14: =IF(OR(A14="",B14=0),"",(C14-D14)/B14) | L14: =IF(A14="","",G14/(1-Parámetros!$B$10)) | M14: =IF(OR(A14="",C14=0),"",MAX(0,L14/C14-1)) | N14: =IF(OR(A14="",F14=0),"",H14/Parámetros!$B$11*F14) | O14: =IF(OR(N14="",E14=0),"",N14/E14)
G15: =IF(A15="","",B15*Parámetros!$B$9+D15) | H15: =IF(A15="","",C15-G15) | I15: =IF(OR(A15="",C15=0),"",H15/C15) | J15: =IF(A15="","",IF(H15<0,"En pérdidas",IF(I15>=Parámetros!$B$10,"Rentable","Justo"))) | K15: =IF(OR(A15="",B15=0),"",(C15-D15)/B15) | L15: =IF(A15="","",G15/(1-Parámetros!$B$10)) | M15: =IF(OR(A15="",C15=0),"",MAX(0,L15/C15-1)) | N15: =IF(OR(A15="",F15=0),"",H15/Parámetros!$B$11*F15) | O15: =IF(OR(N15="",E15=0),"",N15/E15)
G16: =IF(A16="","",B16*Parámetros!$B$9+D16) | H16: =IF(A16="","",C16-G16) | I16: =IF(OR(A16="",C16=0),"",H16/C16) | J16: =IF(A16="","",IF(H16<0,"En pérdidas",IF(I16>=Parámetros!$B$10,"Rentable","Justo"))) | K16: =IF(OR(A16="",B16=0),"",(C16-D16)/B16) | L16: =IF(A16="","",G16/(1-Parámetros!$B$10)) | M16: =IF(OR(A16="",C16=0),"",MAX(0,L16/C16-1)) | N16: =IF(OR(A16="",F16=0),"",H16/Parámetros!$B$11*F16) | O16: =IF(OR(N16="",E16=0),"",N16/E16)
G17: =IF(A17="","",B17*Parámetros!$B$9+D17) | H17: =IF(A17="","",C17-G17) | I17: =IF(OR(A17="",C17=0),"",H17/C17) | J17: =IF(A17="","",IF(H17<0,"En pérdidas",IF(I17>=Parámetros!$B$10,"Rentable","Justo"))) | K17: =IF(OR(A17="",B17=0),"",(C17-D17)/B17) | L17: =IF(A17="","",G17/(1-Parámetros!$B$10)) | M17: =IF(OR(A17="",C17=0),"",MAX(0,L17/C17-1)) | N17: =IF(OR(A17="",F17=0),"",H17/Parámetros!$B$11*F17) | O17: =IF(OR(N17="",E17=0),"",N17/E17)
G18: =IF(A18="","",B18*Parámetros!$B$9+D18) | H18: =IF(A18="","",C18-G18) | I18: =IF(OR(A18="",C18=0),"",H18/C18) | J18: =IF(A18="","",IF(H18<0,"En pérdidas",IF(I18>=Parámetros!$B$10,"Rentable","Justo"))) | K18: =IF(OR(A18="",B18=0),"",(C18-D18)/B18) | L18: =IF(A18="","",G18/(1-Parámetros!$B$10)) | M18: =IF(OR(A18="",C18=0),"",MAX(0,L18/C18-1)) | N18: =IF(OR(A18="",F18=0),"",H18/Parámetros!$B$11*F18) | O18: =IF(OR(N18="",E18=0),"",N18/E18)
... G51: =IF(A51="","",B51*Parámetros!$B$9+D51) | H51: =IF(A51="","",C51-G51) | I51: =IF(OR(A51="",C51=0),"",H51/C51) | J51: =IF(A51="","",IF(H51<0,"En pérdidas",IF(I51>=Parámetros!$B$10,"Rentable","Justo"))) | K51: =IF(OR(A51="",B51=0),"",(C51-D51)/B51) | L51: =IF(A51="","",G51/(1-Parámetros!$B$10)) | M51: =IF(OR(A51="",C51=0),"",MAX(0,L51/C51-1)) | N51: =IF(OR(A51="",F51=0),"",H51/Parámetros!$B$11*F51) | O51: =IF(OR(N51="",E51=0),"",N51/E51)

Sheet Parámetros
A1: Rentabilidad por cliente · parámetros
A2: Celdas azules: tus datos (sin IVA). Plantilla de CoFounder Plans (cofounderplans.com). Rellena la hoja «Clientes» y súbela a la calculadora con «Importar Excel».
A4: Gastos fijos al mes | B4: 1200 | C4: Cuota de autónomos, alquiler, software, gestoría…
A5: Sueldo que necesitas al mes | B5: 2400 | C5: Antes de impuestos
A6: Horas de trabajo al mes | B6: 150 | C6: 40 h/semana ≈ 160 h/mes
A7: % de horas que facturas | B7: 0.6 | C7: Lo habitual: 50-70 %
A8: Coste por hora calculado | B8: =IF(B6*B7>0,(B4+B5)/(B6*B7),0) | C8: (gastos fijos + sueldo) ÷ horas facturables
A9: Coste por hora que se usa | B9: =B8 | C9: Por defecto el calculado. Puedes escribir encima tu propio valor
A10: Margen objetivo por cliente | B10: 0.3 | C10: Lo que quieres que te deje cada cliente
A11: Meses del periodo de la hoja Clientes | B11: 1 | C11: 1 si las cifras son del mes, 12 si son del año
A14: Resumen de la cartera
A15: Facturación total | B15: =SUM(Clientes!C2:C51)
A16: Coste total | B16: =SUM(Clientes!G2:G51)
A17: Margen total | B17: =B15-B16
A18: Margen de la cartera | B18: =IF(B15>0,B17/B15,0)
A19: Horas dedicadas | B19: =SUM(Clientes!B2:B51)
A20: Tarifa media real por hora | B20: =IF(B19>0,(B15-SUM(Clientes!D2:D51))/B19,0)
A21: Cliente que más factura (% del total) | B21: =IF(B15>0,MAX(Clientes!C2:C51)/B15,0)
